 Dungeon Crawl Stone Soup version 0.31-a0-1338-gb567cfdca4 (webtiles) character file.

Game seed: 5109314625831081512

3732 Jose the Thaumaturge (level 9, 0/45 HPs)
             Began as a Deep Elf Conjurer on Dec 22, 2023.
             Was a Believer of Sif Muna.
             Killed from afar by an orc wizard (6 damage)
             ... with a magic dart
             ... on level 7 of the Dungeon.
             The game lasted 00:25:49 (7090 turns).

Jose the Thaumaturge (Deep Elf Conjurer)            Turns: 7090, Time: 00:25:51

Health: 0/45       AC:  4    Str:  7    XL:     9   Next: 92%
Magic:  20/25      EV: 14    Int: 32    God:    Sif Muna [**....]
Gold:   429        SH:  4    Dex: 16    Spells: 22/29 levels left

rFire   . . .        p - +4 hand cannon (heavy)
rCold   . . .        (no shield)
rNeg    . . .        a - +0 robe
rPois   .            (no helmet)
rElec   .            (no cloak)
rCorr   .            (no gloves)
SInv    .            e - +1 pair of boots
Will    .....        f - amulet of the acrobat
Stlth   ++           c - +6 ring of intelligence
HPRegen 0.27/turn    (no ring)
MPRegen 0.19/turn

%: random rage (3%), acrobat
@: studying Unarmed Combat
A: large bone plates 1, agile 1, berserk 1, strong 1
a: Renounce Religion, Channel Magic


You were on level 7 of the Dungeon.
You worshipped Sif Muna.
Sif Muna was pleased with you.
You visited 2 branches of the dungeon, and saw 8 of its levels.

You collected 429 gold pieces.

Inventory:

Hand Weapons
 p - a +4 heavy hand cannon (weapon)
Missiles
 b - 7 curare-tipped darts
Armour
 a - a +0 robe (worn)
 e - a +1 pair of boots (worn)
Magical Staves
 h - a staff of conjuration
 k - a staff of death
Jewellery
 c - a +6 ring of intelligence (left hand)
 f - an amulet of the acrobat (around neck)
 g - a ring of flight
Wands
 s - a wand of charming (8)
Scrolls
 i - a scroll of fog
 l - a scroll of poison {unknown}
 m - a scroll of immolation
 n - a scroll of identify
 q - 5 scrolls of teleportation
Potions
 d - a potion of lignification {unknown}
 j - a potion of berserk rage {unknown}
 o - a potion of curing {unknown}
 r - a potion of resistance {unknown}


   Skills:
 - Level 5.4 Dodging
 - Level 2.4 Stealth
 * Level 10.8 Spellcasting
 * Level 9.9 Conjurations
 * Level 5.7 Invocations
 * Level 5.7 Evocations


You had 22 spell levels left.
You knew the following spells:

 Your Spells              Type           Power      Damage    Failure   Level
a - Magic Dart            Conj           100%       1d8       1%          1
b - Searing Ray           Conj           100%       2d8       1%          2
c - Iskenderun's Mystic   Conj/Tloc      49%        2d11      3%          4

Your spell library contained the following spells:

 Spells                   Type           Power      Damage    Failure   Level
 Stone Arrow              Conj/Erth      98%        3d13      1%          3
 Fulminant Prism          Conj/Alch      24%        3d12      3%          4
 Tukima's Dance           Hex            17%        N/A       9%          3
 Animate Armour           Summ/Erth      34%        N/A       28%         4
 Dimensional Bullseye     Hex/Tloc       8%         N/A       28%         4
 Lehudib's Crystal Spear  Conj/Erth      24%        10d7      100%        8


Dungeon Overview and Level Annotations

Branches:
Dungeon (7/15)             Temple (1/1) D:5

Altars:
Ashenzari
Cheibriados
Dithmenos
Elyvilon
Fedhas
Gozag
Hepliaklqana
Kikubaaqudgha
Makhleb
Nemelex Xobeh
Okawaru
Qazlal
Ru
Sif Muna
Trog
Uskayaw
Vehumet
Wu Jian
Xom
The Shining One


Innate Abilities, Weirdness & Mutations

You are partially covered in large bone plates. (SH +4)
You are agile. (Dex +4, Str/Int -1)
You sometimes lose your temper in combat.
Your muscles are strong. (Str +4, Int/Dex -1)


Message History

You shoot a bolt. The bolt hits the howler monkey!
The howler monkey is heavily wounded.
You hear a shout!
The howler monkey closely misses you.
The howler monkey hoots and howls with incredible vigour!
You hear a shout! x3
Casting: Iskenderun's Mystic Blast (dangerous; 3% risk of failure)
Confirm with . or Enter, or press ? or * to list all spells.
You erupt in a blast of force!
The mystic blast hits the howler monkey!
The howler monkey is almost dead.
The howler monkey is knocked back by the mystic blast.
Fire: p) +4 hand cannon (heavy)
Press: ? - help, Q - select action, (/) - cycle Shift-Dir - straight line, f/p - howler monkey
Aim: a howler monkey (almost dead, catching its breath, 62% to hit)
You shoot a bolt. The bolt hits the howler monkey!
You kill the howler monkey!
Sif Muna accepts your kill.
Fire: p) +4 hand cannon (heavy)
Press: ? - help, Q - select action, (/) - cycle Shift-Dir - straight line, f - orc wizard
Aim: an orc wizard, wielding a +0 dagger and wearing a +0 robe (59% to hit)
You shoot a bolt. The bolt hits the orc wizard.
The orc wizard is moderately wounded.
You hear a shout!
The orc wizard barely misses you.
The orc priest mumbles some strange prayers to Beogh against you.
Beogh smites you!
* * * LOW HITPOINT WARNING * * *
The orc wizard barely misses you.
Fire: p) +4 hand cannon (heavy)
Press: ? - help, Q - select action, (/) - cycle Shift-Dir - straight line, f/p - orc wizard
Aim: an orc wizard, wielding a +0 dagger and wearing a +0 robe (moderately wounded, 59% to hit)
You shoot a bolt. The bolt closely misses the orc wizard.
The bolt closely misses the orc priest.
The orc priest looks braver for a moment.
The orc wizard gestures at you while chanting.
You easily resist.
The orc wizard points at you and mumbles some strange words.
The magic dart hits you.
You die...

#.~≈~.† '.... #.~~~.. #....#
#.~≈~.) #....# #.~≈≈.. #....#
#.~≈≈.. #....# #.~~~.. #....#
#'###≈~P.
########))')#############.o.#≈~..
...........))o)o@°).....#ooo#≈~..
~~~~≈~≈≈....~~)~~~≈)~~~≈#####≈~..
≈≈≈≈≈≈≈~....≈≈≈≈≈≈≈≈≈≈≈≈≈≈≈≈≈≈≈..
~~~~≈≈≈~....)~~~~~~≈≈~≈≈~≈~~≈~~..
............†.)......).......P...
>...........)...........)........
............)......##############
...########.#####........#
...#..<..##.....#........#


You could see an orc priest and an orc wizard.

Vanquished Creatures
  Pikel (D:4)
  A water moccasin (D:6)
  4 orc warriors
  2 black bears (D:7)
  An ice beast (D:5)
  A sky beast (D:6)
  4 wolves (D:7)
  4 ogres
  A centaur (D:7)
  2 phantoms (D:5)
  4 lemures (D:4)
  3 kobold brigands (D:7)
  A gnoll sergeant (D:7)
  A wight (D:4)
  7 howler monkeys (D:7)
  A gnoll bouda (D:7)
  7 orc priests
  8 hounds (D:7)
  A jelly (D:5)
  5 iguanas
  4 orc wizards
  4 gnolls (D:7)
  7 adders
  A shadow imp (D:7)
  2 bombardier beetles
  2 white imps (D:7)
  4 ufetubi
  4 worms
  3 dart slugs
  17 orcs
  6 ball pythons
  4 bats
  7 endoplasms
  3 giant cockroaches
  6 goblins
  2 hobgoblins (D:2)
  2 quokkas
  2 frilled lizards (D:1)
  3 kobolds
  3 rats
145 creatures vanquished.

Notes
Turn   | Place    | Note
-------+----------+-------------------------------------------
     0 | D:1      | Jose the Deep Elf Conjurer began the quest for the Orb.
     0 | D:1      | Reached XP level 1. HP: 10/10 MP: 6/6
   405 | D:1      | Reached XP level 2. HP: 15/15 MP: 5/8
   957 | D:2      | Learned a level 2 spell: Searing Ray
  1176 | D:2      | Reached XP level 3. HP: 18/19 MP: 7/10
  1205 | D:2      | Found a faded altar of an unknown god.
  1472 | D:2      | Reached skill level 4 in Spellcasting
  1472 | D:2      | Reached skill level 5 in Conjurations
  2490 | D:3      | Reached XP level 4. HP: 24/24 MP: 9/12
  3118 | D:4      | Reached skill level 5 in Spellcasting
  3118 | D:4      | Reached XP level 5. HP: 28/28 MP: 3/14
  3265 | D:4      | Noticed a lemure
  3269 | D:4      | Noticed a lemure
  3277 | D:4      | Killed a lemure
  3282 | D:4      | Killed a lemure
  3289 | D:4      | Noticed Pikel
  3290 | D:4      | Noticed a lemure
  3290 | D:4      | Noticed a lemure
  3308 | D:4      | Killed a lemure
  3310 | D:4      | Killed a lemure
  3313 | D:4      | Killed Pikel
  3314 | D:4      | Reached skill level 7 in Spellcasting
  3314 | D:4      | Reached XP level 6. HP: 16/32 MP: 2/18
  3314 | D:4      | Reached XP level 7. HP: 18/36 MP: 2/19
  3502 | D:4      | Found a glowing golden altar of the Shining One.
  3885 | D:5      | Entered Level 5 of the Dungeon
  3924 | D:5      | Reached skill level 5 in Dodging
  4138 | D:5      | Found a staircase to the Ecumenical Temple.
  4160 | Temple   | Entered the Ecumenical Temple
  4170 | Temple   | Became a worshipper of Sif Muna the Loreminder
  4269 | D:5      | Learned a level 4 spell: Iskenderun's Mystic Blast
  4270 | D:5      | Identified a scroll of acquirement
  4270 | D:5      | Acquired a staff of conjuration
  4279 | D:5      | Gained mutation: Your muscles are strong. (Str +4, Int/Dex
                  | -1) [potion of mutation]
  4279 | D:5      | Gained mutation: You sometimes lose your temper in combat.
                  | [potion of mutation]
  4279 | D:5      | Gained mutation: You are covered in fur. (AC +1) [potion of
                  | mutation]
  4279 | D:5      | Gained mutation: Your mind is acute. (Int +4, Str/Dex -1)
                  | [potion of mutation]
  4280 | D:5      | Lost mutation: Your mind is acute. (Int +4, Str/Dex -1)
                  | [potion of mutation]
  4280 | D:5      | Lost mutation: You are covered in fur. (AC +1) [potion of
                  | mutation]
  4280 | D:5      | Gained mutation: You are agile. (Dex +4, Str/Int -1)
                  | [potion of mutation]
  4280 | D:5      | Gained mutation: You are partially covered in large bone
                  | plates. (SH +4) [potion of mutation]
  4417 | D:5      | Reached skill level 8 in Spellcasting
  4555 | D:5      | Reached XP level 8. HP: 41/41 MP: 18/22
  4879 | D:6      | Reached skill level 1 in Invocations
  4879 | D:6      | Reached skill level 1 in Evocations
  5201 | D:6      | Found a snail-covered altar of Cheibriados.
  5592 | D:7      | Found a radiant altar of Vehumet.
  5607 | D:7      | Reached skill level 9 in Spellcasting
  5807 | D:7      | Reached * piety under Sif Muna
  5931 | D:7      | Reached XP level 9. HP: 32/45 MP: 15/24
  6121 | D:7      | Found a sacrificial altar of Ru.
  6122 | D:7      | Found a hazy altar of Hepliaklqana.
  6406 | D:7      | Reached skill level 10 in Spellcasting
  6902 | D:7      | Reached skill level 5 in Evocations
  6903 | D:7      | Reached skill level 5 in Invocations
  6927 | D:7      | Reached ** piety under Sif Muna
  7090 | D:7      | Killed from afar by an orc wizard

Illustrated notes

Levels and vault maps discovered:
D:1:      dpeg_arrival_line_fractal, layout_rooms, minivault_4
D:2:      layout_loops_corners, ebering_ecumenical_altar_box,
          kennysheep_nondescript
D:3:      layout_loops_ring
D:4:      layout_basic, tso_oasis_becter, minmay_manual_monstrance, uniq_pikel
D:5:      layout_loops_cross, minmay_temple_entry_hall
D:6:      layout_rooms, cheibriados_altar_1
D:7:      lemuel_castle_with_subvaults [lemuel_castle_interior_carwin_2],
          layout_basic, mainiacjoe_overflow_tiny_flanked,
          nicolae_overflow_hidden_temple, uniq_duvessa
Temple:   nicolae_temple_no_exploring_needed

Skill      XL: |  1  2  3  4  5  6  7  8  9 |
---------------+----------------------------+-----
Dodging        | 3 4 5 |  5.4
Spellcasting   | 4 5 7 8 9 10 | 10.8
Conjurations   | 5 6 7 8 9 |  9.9
Invocations    | 3 5 |  5.7
Evocations     | 3 5 |  5.7
Stealth        | |  2.4

Action                     |  1- 3 |  4- 6 |  7- 9 || total
---------------------------+-------+-------+-------++-------
  Melee: Unarmed           |     7 |       |       ||     7
         Staff             |       |       |    43 ||    43
         Punch             |       |       |     1 ||     1
   Fire: Hand cannon       |       |       |    44 ||    44
   Cast: Magic Dart        |    95 |    44 |   212 ||   351
         Searing Ray       |       |     4 |    13 ||    17
         Iskenderun's Myst |       |       |    21 ||    21
    Use: Scroll            |     3 |       |     8 ||    11
         Potion            |       |     1 |     2 ||     3
   Stab: Sleeping          |     1 |       |       ||     1
 Armour: Robe              |    15 |     8 |    71 ||    94
  Dodge: Dodged            |    16 |    10 |   111 ||   137
  Block: Other             |       |       |    13 ||    13

Table legend: (Time is in decaauts)
 A = Elapsed time spent in this place.
 B = Non-inter-level travel time spent in this place.
 C = Inter-level travel time spent in this place.
 D = Time resting spent in this place.
 E = Time spent auto-exploring this place.
 F = Levels seen in this place.
 G = Mean time per level.
                   A        B        C        D        E       F      G
               +--------+--------+--------+--------+--------+-----+--------+
         Total |   7175 |   7088 |     87 |      0 |   5850 |   8 |  896.9 |
       Dungeon |   7156 |   7069 |     87 |      0 |   5850 |   7 | 1022.3 |
        Temple |     18 |     18 |      0 |      0 |      0 |   1 |   18.0 |
               +--------+--------+--------+--------+--------+-----+--------+

Top non-repeatable levels by time:
     D:7: 1643 daAuts
     D:2: 1072 daAuts
     D:5: 982 daAuts
     D:3: 958 daAuts
     D:1: 952 daAuts
     D:4: 901 daAuts
     D:6: 645 daAuts
  Temple: 18 daAuts
